 Dungeon Sprint DCSS version 0.17-a0-2115-g0d8b93e (webtiles) character file.

670 Ordine the Carver (level 7, -6/55 HPs)
             Began as a Formicid Fighter on Oct 20, 2015.
             Was a Priest of Cheibriados.
             Mangled by a manticore (17 damage)
             ... in the Dungeon (Sprint IX: "|||||||||||||||||||||||||||||").
             The game lasted 00:04:35 (706 turns).

Ordine the Carver (Formicid Fighter)                 Turns: 706, Time: 00:04:35

Health: -6/55      AC: 10    Str: 36    XL:     7   Next: 89%
Magic:  7/7        EV:  9    Int: 17    God:    Cheibriados [***...]
Gold:   0          SH: 12    Dex: 19    Spells: 0 memorised, 6 levels left

rFire  . . .     SeeInvis +     q - +3 great sword (curse)
rCold  . . .     Clarity  .     o - +1 scale mail
rNeg   . . .     SustAt   .     c - +0 shield
rPois  .         Gourm    .     (helmet unavailable)
rElec  .         Spirit   .     a - +0 cloak
rCorr  .         Warding  .     n - +0 pair of gloves
rMut   .         Stasis   +     (no boots)
MR     .....                    (no amulet)
Stlth  ..........               b - +3 ring of intelligence
                                p - +3 ring of strength

@: mighty, lethally poisoned (-6 -> -7), very slow, not resistant to hostile
enchantments, extremely unstealthy
A: permanent stasis, dig shafts and tunnels, four strong arms, antennae 3
a: Dig, Bend Time, Temporal Distortion, Renounce Religion


You were in the Dungeon.
You worshipped Cheibriados.
Cheibriados was most pleased with you.
You were not hungry.

You visited 1 branch

Inventory:

Hand Weapons
 q - a cursed +3 great sword (weapon)
Armour
 a - a +0 cloak (worn)
 c - a +0 shield (worn)
 n - a +0 pair of gloves (worn)
 o - a +1 scale mail (worn)
Jewellery
 b - a +3 ring of intelligence (right hand)
 p - a +3 ring of strength (left hand)
Wands
 l - a wand of cold (7)
Scrolls
 j - 3 scrolls of remove curse
 k - 2 scrolls of amnesia
Potions
 g - a potion of heal wounds
 h - 4 potions of curing
 i - 4 potions of magic
Comestibles
 e - a bread ration
 f - 2 chunks of flesh


   Skills:
 + Level 4.4 Fighting
 * Level 14.8 Long Blades
 - Level 3.2 Armour
 + Level 4.9 Shields


You had 6 spell levels left.
You didn't know any spells.

Dungeon Overview and Level Annotations

Branches:
Dungeon (1/1)

Altars:
Cheibriados
Dithmenos
Elyvilon
Fedhas
Gozag
Kikubaaqudgha
Makhleb
Nemelex Xobeh
Okawaru
Qazlal
Ru
Sif Muna
Trog
Vehumet
Xom
Yredelemnul
Zin
The Shining One
Beogh
Jiyva
Lugonu


Innate Abilities, Weirdness & Mutations

You are under a permanent stasis effect.
You can dig through walls and to a lower floor.
Your four strong arms can wield two-handed weapons with a shield.
You have a pair of large antennae on your head (SInv).


Message History

The sky beast flickers out of sight for a moment.
You block the manticore's attack. x2
The manticore claws you!
You hit the manticore.
The manticore is heavily wounded.
You feel sick. The manticore bites you. You block the manticore's attack.
The manticore closely misses you.
You hit the manticore.
The manticore is heavily wounded.
You block the manticore's attack. The manticore claws you.
The manticore claws you.
You slash the manticore!
The manticore is heavily wounded.
The manticore bites you!
* * * LOW HITPOINT WARNING * * *
You block the manticore's attack. The manticore closely misses you.
You barely miss the phantom.
The phantom is moderately damaged.
The phantom barely misses you. The manticore bites you!
You die...

{
▓[▓
{
▓.▓
{
▓(▓
{
▓(▓
▓)▓
▓.▓
▓.▓
▓W▓
▓@▓
▓H▓
▓o▓
▓Y▓
▓.▓
▓.▓
▓.▓
▓.▓
▓.▓


You could see a manticore, a phantom, a sky beast (invisible) and an orc.

Vanquished Creatures
  A two-headed ogre (D)
  A sky beast (D)
  A phantom (D)
  A wasp (D)
  A centaur (D)
  A giant frog (D)
  A wight (D)
  A worker ant (D)
  An adder zombie (D)
  An adder skeleton (D)
  A bat zombie (D)
  2 goblins (D)
  A hobgoblin (D)
  A jackal (D)
  A bat (D)
  A giant newt (D)
  A rat (D)
18 creatures vanquished.

Notes
Turn   | Place    | Note
--------------------------------------------------------------
     0 | D        | Ordine the Formicid Fighter began the quest for the Orb.
     0 | D        | Reached XP level 1. HP: 18/18 MP: 1/1
    76 | D        | Noticed a worker ant
    76 | D        | Noticed a sky beast
    96 | D        | Killed a worker ant
    96 | D        | Reached skill level 6 in Long Blades
    96 | D        | Reached XP level 2. HP: 14/24 MP: 2/2
    96 | D        | Reached XP level 3. HP: 16/29 MP: 3/3
   110 | D        | Killed a sky beast
   110 | D        | Reached skill level 9 in Long Blades
   110 | D        | Reached XP level 4. HP: 3/35 MP: 4/4
   110 | D        | Reached XP level 5. HP: 3/41 MP: 5/5
   110 | D        | HP: 2/41 [bat zombie (1)]
   112 | D        | Reached skill level 10 in Long Blades
   118 | D        | HP: 1/41 [poisoned by a worker ant]
   431 | D        | Found a glowing silver altar of Zin.
   431 | D        | Found a glowing golden altar of the Shining One.
   431 | D        | Found an ancient bone altar of Kikubaaqudgha.
   431 | D        | Found a basalt altar of Yredelemnul.
   431 | D        | Found a shimmering altar of Xom.
   431 | D        | Found a radiant altar of Vehumet.
   432 | D        | Found an iron altar of Okawaru.
   433 | D        | Found a burning altar of Makhleb.
   434 | D        | Found a deep blue altar of Sif Muna.
   435 | D        | Found a bloodstained altar of Trog.
   436 | D        | Found a sparkling altar of Nemelex Xobeh.
   437 | D        | Found a white marble altar of Elyvilon.
   438 | D        | Found a roughly hewn altar of Beogh.
   439 | D        | Found a viscous altar of Jiyva.
   440 | D        | Found a corrupted altar of Lugonu.
   441 | D        | Found a blossoming altar of Fedhas.
   442 | D        | Found a snail-covered altar of Cheibriados.
   443 | D        | Found a shadowy altar of Dithmenos.
   444 | D        | Found a stormy altar of Qazlal.
   445 | D        | Found an opulent altar of Gozag.
   446 | D        | Found a sacrificial altar of Ru.
   452 | D        | Became a worshipper of Cheibriados the Contemplative
   502 | D        | Noticed a phantom
   502 | D        | Noticed a centaur
   502 | D        | Noticed a wight
   502 | D        | Noticed a two-headed ogre
   506 | D        | Killed a phantom
   506 | D        | Reached skill level 11 in Long Blades
   506 | D        | Reached XP level 6. HP: 47/47 MP: 6/6
   510 | D        | Killed a centaur
   510 | D        | Reached skill level 12 in Long Blades
   514 | D        | Killed a wight
   514 | D        | Reached * piety under Cheibriados
   522 | D        | Reached ** piety under Cheibriados
   529 | D        | Killed a two-headed ogre
   529 | D        | Reached skill level 14 in Long Blades
   529 | D        | Reached XP level 7. HP: 25/52 MP: 7/7
   683 | D        | Noticed a phantom
   683 | D        | Noticed a wasp
   683 | D        | Noticed a giant frog
   683 | D        | Noticed a manticore
   683 | D        | Noticed a sky beast
   695 | D        | Killed a wasp
   697 | D        | Killed a giant frog
   697 | D        | Reached *** piety under Cheibriados
   706 | D        | Mangled by a manticore

Vault maps used:
D:        linesprint

Action                   |  1- 3 |  4- 6 |  7- 9 || total
-------------------------+-------+-------+-------++-------
Melee: Long sword        |    54 |     2 |       ||    56
       Scimitar          |       |    25 |       ||    25
       Great sword       |       |       |    20 ||    20
  Use: Potion            |     2 |     1 |     2 ||     5
 Stab: Invisible         |       |     5 |       ||     5
